 Dungeon Crawl Stone Soup version 0.29.1-1-gd02db6906a (webtiles) character file.

Game seed: 1077443714171516868

192626 Godmorgon the Fighter (level 18, -7/135 (136) HPs)
             Began as a Djinni Ice Elementalist on Oct 1, 2022.
             Was the Champion of Makhleb.
             Mangled by a spectral demonspawn warmonger (19 damage)
             ... called from beyond by a revenant
             ... in a wizard's laboratory on Oct 2, 2022.
             The game lasted 04:34:39 (37287 turns).

Godmorgon the Fighter (Djinni Ice Elementalist)    Turns: 37287, Time: 04:34:40

HP:   -7/135 (136)  AC: 28    Str:  7    XL:     18   Next: 92%
Gold: 912           EV: 11    Int: 22    God:    Makhleb [******] SH: 12 Dex: 17

rFire   + . .      SeeInvis .   a - +2 long sword (vamp)
rCold   . . .      Faith    .   v - +0 kite shield
rNeg    + . .      Spirit   .   E - +4 ring mail of the Snail {rElec rN+}
rPois   ∞          Reflect  .   y - +0 helmet
rElec   +          Harm     .   d - +2 cloak
rCorr   .          Rampage  .   L - +2 pair of gloves
Will    +....                   (boots unavailable)
Stlth   +.........              A - amulet of regeneration
HPRegen 1.12/turn               j - ring of ice
MPRegen 0.00/turn               n - +4 ring of slaying

@: ice-armoured, freezing walls, flying, studying Long Blades, lightly drained
A: sickness immunity, fire resistance 2, cold vulnerability 1, float, innate
caster, HP casting, extra vitality 1
}: 1/15 runes: serpentine
a: Renounce Religion, Minor Destruction, Lesser Servant of Makhleb, Major
Destruction, Greater Servant of Makhleb


You were in a wizard's laboratory.
You worshipped Makhleb.
Makhleb was exalted by your worship.
You visited 7 branches of the dungeon, and saw 30 of its levels.
You also visited: Ossuary and Wizlab.

You collected 3442 gold pieces.
You spent 2530 gold pieces at shops.

Inventory:

Hand Weapons
 a - a +2 vampiric long sword (weapon)
Missiles
 M - 7 curare-tipped darts (quivered)
 N - 6 throwing nets
 Q - 3 boomerangs of dispersal
Armour
 d - a +2 cloak (worn)
 v - a +0 kite shield (worn)
 y - a +0 helmet (worn)
 E - the +4 ring mail of the Snail (worn) {rElec rN+}
   (You bought it in a shop on level 3 of the Snake Pit)

   rElec:     It insulates you from electricity.
   rN:        It protects you from negative energy.
 L - a +2 pair of gloves (worn)
Jewellery
 j - a ring of ice (left hand)
 n - a +4 ring of slaying (right hand)
 q - a ring of positive energy
 r - a ring of willpower
 x - a ring of willpower
 A - an amulet of regeneration (around neck)
 P - a +4 ring of protection
 U - a ring of fire
Wands
 c - a wand of acid (15)
 B - a wand of digging (8)
 D - a wand of mindburst (17)
 H - a wand of paralysis (11)
 J - a wand of roots (13)
Scrolls
 e - 2 scrolls of summoning
 f - 4 scrolls of butterflies
 i - a scroll of blinking
 k - 5 scrolls of magic mapping
 m - 4 scrolls of teleportation
 u - 5 scrolls of immolation
 z - 2 scrolls of enchant armour
 C - a scroll of torment
 I - 3 scrolls of brand weapon
 K - 5 scrolls of silence
 S - 3 scrolls of poison
 W - 3 scrolls of fear
Potions
 b - 2 potions of brilliance
 g - a potion of cancellation
 h - 5 potions of lignification
 l - 4 potions of heal wounds
 o - 6 potions of attraction
 p - 11 potions of curing
 s - a potion of mutation
 t - 4 potions of ambrosia
 w - 5 potions of berserk rage
 F - 7 potions of might
 G - 2 potions of invisibility
 R - 3 potions of haste
 T - 4 potions of resistance


   Skills:
 + Level 14.7 Fighting
 + Level 13.5 Long Blades
 * Level 11.7 Armour
 - Level 5.0 Dodging
 - Level 1.5 Stealth
 - Level 10.0 Shields
 * Level 14.2 Spellcasting
 * Level 12.5 Invocations


You had 4 spell levels left.
You knew the following spells:

 Your Spells              Type           Power      Damage    Failure   Level
a - Ozocubu's Armour      Ice            87%        N/A       1%          3
b - Iskenderun's Battles  Conj           67%        2d12      1%          5
c - Gell's Gravitas       Tloc           67%        N/A       1%          3
d - Freeze                Ice            100%       1d11      1%          1
e - Lesser Beckoning      Tloc           67%        N/A       1%          3
f - Foxfire               Conj/Fire      100%       2x1d9     1%          1
g - Conjure Ball Lightni  Conj/Air       33%        3x3d11    10%         6
h - Hailstorm             Conj/Ice       87%        3d17      1%          4
n - Eringya's Noxious Bo  Tmut/Pois      33%        N/A       10%         6
r - Frozen Ramparts       Ice            100%       1d16      1%          3
F - Flame Wave            Conj/Fire      67%        2d15      1%          4
W - Wereblood             Tmut           67%        N/A       1%          2
Your spell library was empty.

Dungeon Overview and Level Annotations

Branches:
Dungeon (15/15)            Temple (1/1) D:5            Lair (5/5) D:9
 Shoals (2/4) Lair:3        Snake (4/4) Lair:3        Slime (0/5) Lair:4
    Orc (2/2) D:12            Elf (1/3) Orc:2        Vaults (0/5) D:13
 Depths (0/4) D:15        Ossuary (visited)          WizLab (1/1)

Altars:
Ashenzari
Cheibriados
Dithmenos
Elyvilon
Fedhas
Gozag
Hepliaklqana
Makhleb
Nemelex Xobeh
Okawaru
Qazlal
Ru
Trog
Uskayaw
Wu Jian
Xom
Yredelemnul
Zin
The Shining One
Jiyva

Shops:
Orc:1 (   Orc:2 !(?[   Snake:1 *   Snake:3 [=:=


Innate Abilities, Weirdness & Mutations

You are immune to sickness and miasma.
You are immune to poison.
Your flesh is very heat resistant. (rF++)
You are vulnerable to cold. (rC-)
You float through the air rather than walking.
You learn spells naturally, not from books.
Your magical power is your life essence.
You have superior vitality. (+4 MHP)


Message History

The wall freezes the caustic shrike zombie but does no damage.
The caustic shrike zombie claws you!
The harpy zombie resists.
The wall freezes the harpy zombie.
The wall freezes the spectral demonspawn warmonger but does no damage.
The spectral demonspawn warmonger completely misses you.
The spectral demonspawn warmonger closely misses you.
The spectral demonspawn warmonger gores you but does no damage.
A wave of flame ripples out!
The flame wave engulfs the spark wasp zombie.
The spark wasp zombie is almost destroyed.
The flame wave engulfs the ancient champion.
The ancient champion is lightly damaged.
The flame wave engulfs the spectral demonspawn warmonger.
The spectral demonspawn warmonger is almost destroyed.
The flame wave engulfs the revenant.
The revenant is severely damaged.
The flame wave engulfs the caustic shrike zombie!
The caustic shrike zombie is lightly damaged.
The flame wave engulfs the harpy zombie!
The harpy zombie is moderately damaged.
The flame wave engulfs the spectral raiju!
The spectral raiju is moderately damaged.
You are engulfed in spectral mist.
The harpy zombie resists.
The wall freezes the harpy zombie.
The caustic shrike zombie completely resists.
The wall freezes the caustic shrike zombie but does no damage.
The caustic shrike zombie closely misses you.
The revenant hits you but does no damage.
The ancient champion resists.
The wall freezes the ancient champion.
The ancient champion hits you with a +0 vorpal great mace!!
* * * LOW HITPOINT WARNING * * *
x2 The spark wasp zombie resists.
The wall freezes the spark wasp zombie.
The spark wasp zombie misses you.
The wall freezes the harpy zombie but does no damage.
The wall freezes the caustic shrike zombie but does no damage.
The caustic shrike zombie claws you but does no damage.
The spectral demonspawn warmonger resists.
The wall freezes the spectral demonspawn warmonger.
The spectral demonspawn warmonger hits you!!
You die...

# ....# #.....# #.
...## ......#
.#..*# ### .Z.Z#
#⌠# #zz°# ##.##
#@Z.# ###...###
##ZZ## #⌠.....⌠#
##.○.# #...∩...#
##....#
#.....).#####.....#
.)##.##........#..#
..##.##...........#
#.......#####....##
#...∩...# ##..##


You could see a revenant, an ancient champion, a spectral raiju (summoned), a
spectral demonspawn warmonger (summoned), a lost soul (summoned), a harpy
zombie, a caustic shrike zombie and a spark wasp zombie.

Vanquished Creatures
  Jorgrun (Snake:2)
  Frances (D:13)
  Gastronok (Lair:2)
  A fire giant (D:15)
  5 nagarajas (Snake:4)
  A revenant (WizLab)
  Aizul (Snake:2)
  Nessos (D:13)
  A dire elephant (Lair:5)
  An eidolon (WizLab)
  2 merfolk impalers (Shoals:1)
  A yaktaur captain (D:13)
  5 hydras
  The ghost of quakins the Severer, a journeyman MiBe of Trog (D:13)
  Erolcha (Orc:2)
  2 rakshasas
  3 salamander tyrants
  The ghost of Iamsock the Slicer, a journeyman GnWn of Xom (D:9)
  3 boulder beetles
  4 anacondas
  3 centaur warriors (D:14)
  A death knight (D:14)
  3 catoblepae
  8 death yaks
  3 tengu warriors
  A satyr (Shoals:2)
  2 two-headed ogres
  6 naga warriors
  5 orc high priests (Orc:2)
  10 naga sharpshooters
  Sonja (Lair:4)
  3 shock serpents (Snake:4)
  4 skeletal warriors
  7 salamander mystics
  Lodul (D:14)
  3 sea snakes
  4 naga ritualists
  A phantasmal warrior (D:13)
  6 mana vipers
  3 lindwurms (Lair:5)
  A deep elf pyromancer (D:12)
  5 orc knights
  An orc sorcerer (D:15)
  3 fauns (Shoals:1)
  19 salamanders
  14 ugly things
  6 manticores
  5 cyclopes
  31 black mambas
  4 merfolk sirens (Shoals:1)
  A guardian serpent (Snake:4)
  21 elephants
  11 naga magi
  A water nymph (Shoals:1)
  A torpor snail (Lair:5)
  A guardian serpent (shapeshifter) (D:14)
  A gargoyle (D:12)
  An unseen horror (D:10)
  A cane toad (shapeshifter) (D:13)
  13 cane toads
  2 rime drakes
  2 yaktaurs (D:13)
  3 freezing wraiths (D:13)
  A kobold demonologist (D:12)
  10 komodo dragons
  A tengu conjurer (D:14)
  A spectral harpy (WizLab)
  5 merfolk (Shoals:1)
  9 polar bears (Lair:5)
  6 meliai
  4 trolls
  A troll (shapeshifter) (D:15)
  A hornet (D:8)
  8 dream sheep (Lair:5)
  9 slime creatures
  2 wind drakes (Shoals:1)
  A raiju (Lair:5)
  7 blink frogs
  Sigmund (D:3)
  A snapping turtle (Shoals:1)
  67 yaks
  3 shadows (D:10)
  6 basilisks
  6 water elementals (Shoals:1)
  4 wraiths
  2 vampires
  A golden eye (shapeshifter) (D:15)
  8 vampire mosquitoes
  2 wyverns
  5 wargs
  Menkaure (D:5)
  16 water moccasins
  51 nagas
  3 acid dragons
  16 hell hounds (Lair:5)
  31 orc warriors
  Pargi (D:3)
  A sky beast (D:8)
  11 black bears (Lair:5)
  16 ogres
  28 wolves
  10 centaurs
  3 phantoms
  An elf zombie (Ossuary)
  A kobold brigand (D:8)
  13 bullfrogs
  2 gnoll sergeants
  3 scorpions
  2 necrophages
  7 killer bees
  7 electric eels
  4 howler monkeys
  A human zombie (Ossuary)
  A hound (D:7)
  A gnoll bouda (D:7)
  6 jellies
  27 orc priests
  Crazy Yiuf (D:6)
  2 iguanas
  Terence (D:2)
  8 orc wizards
  5 hell rats (Lair:5)
  2 mummies (Ossuary)
  11 adders
  12 gnolls
  3 river rats (D:10)
  A shadow imp (D:7)
  2 white imps (D:7)
  An ufetubus (D:5)
  2 adder zombies (Ossuary)
  A worm (D:3)
  2 dart slugs
  54 orcs
  6 ball pythons
  5 bats
  11 endoplasms
  7 giant cockroaches
  6 goblins
  4 hobgoblins
  8 jackals
  12 kobolds
  7 quokkas
  4 frilled lizards
  A goblin zombie (Ossuary)
  10 hobgoblin zombies (Ossuary)
  2 jackal zombies (Ossuary)
  10 kobold zombies (Ossuary)
  9 orc zombies (Ossuary)
  10 rats
  A rat zombie (Ossuary)
  A bush (Lair:4)
918 creatures vanquished.

Vanquished Creatures (collateral kills)
  A caustic shrike zombie (WizLab)
  A spectral caustic shrike (WizLab)
  2 spectral titans (WizLab)
  A merfolk impaler (Shoals:1)
  A merfolk avatar (Shoals:1)
  A shock serpent (Snake:4)
  A spectral spark wasp (WizLab)
  A shadow wraith (WizLab)
  A skeletal warrior (WizLab)
  2 phantasmal warriors (WizLab)
  A spectral spriggan (WizLab)
  A naga mage (Snake:4)
  A water nymph (Shoals:1)
  A merfolk siren (Shoals:1)
  2 merfolk (Shoals:1)
  A spectral harpy (WizLab)
  A dream sheep (Lair:5)
  A naga (Snake:4)
  2 foxfires (D:14)
23 creatures vanquished.

Vanquished Creatures (others)
  3 ball lightnings (WizLab)
  676 foxfires
  31 fungi
  99 plants
809 creatures vanquished.

Grand Total: 1750 creatures vanquished

Notes
Turn   | Place    | Note
-------+----------+-------------------------------------------
     0 | D:1      | Godmorgon the Djinni Ice Elementalist began the quest for
                  | the Orb.
     0 | D:1      | Godmorgon set off with the following spells memorised:
                  | Freeze, Frozen Ramparts, Ozocubu's Armour, Hailstorm.
     0 | D:1      | Reached XP level 1. HP: 15/15 MP: 0/0
    95 | D:1      | Reached XP level 2. HP: 8/22 MP: 0/0
   701 | D:1      | Reached skill level 1 in Fighting
  1049 | D:1      | Reached XP level 3. HP: 21/27 MP: 0/0
  1049 | D:1      | Learned a level 1 spell: Foxfire
  1664 | D:2      | Reached XP level 4. HP: 31/33 MP: 0/0
  2115 | D:2      | Reached skill level 1 in Armour
  2399 | D:3      | Reached XP level 5. HP: 34/38 MP: 0/0
  2399 | D:3      | Learned a level 2 spell: Wereblood
  2435 | D:3      | Noticed Terence
  2438 | D:3      | Noticed Sigmund
  2469 | D:2      | Killed Terence
  2742 | D:3      | Found a faded altar of an unknown god.
  2747 | D:3      | Noticed Pargi
  2755 | D:3      | Killed Pargi
  2756 | D:3      | Reached XP level 6. HP: 22/45 MP: 0/0
  3133 | D:3      | Killed Sigmund
  3134 | D:3      | Reached XP level 7. HP: 44/50 MP: 0/0
  3134 | D:3      | Learned a level 3 spell: Lesser Beckoning
  3316 | D:3      | Reached skill level 5 in Spellcasting
  3568 | D:4      | Found an ornate altar of the Wu Jian Council.
  3690 | D:4      | Found a sand-covered staircase.
  3706 | Ossuary  | Entered an ossuary
  4089 | Ossuary  | Reached XP level 8. HP: 41/58 MP: 0/0
  4496 | D:4      | Found a stormy altar of Qazlal.
  4639 | D:4      | Reached XP level 9. HP: 71/71 MP: 0/0
  4639 | D:4      | Learned a level 3 spell: Gell's Gravitas
  4640 | D:4      | Reached skill level 10 in Fighting
  4640 | D:4      | Reached XP level 10. HP: 80/80 MP: 0/0
  4641 | D:4      | Reached skill level 10 in Spellcasting
  4641 | D:4      | Reached XP level 11. HP: 86/86 MP: 0/0
  4641 | D:4      | Learned a level 4 spell: Flame Wave
  4670 | D:5      | Entered Level 5 of the Dungeon
  4735 | D:5      | Found a staircase to the Ecumenical Temple.
  4807 | Temple   | Entered the Ecumenical Temple
  4930 | Temple   | Became a worshipper of Makhleb the Destroyer
  4972 | D:5      | Found an opulent altar of Gozag.
  5030 | D:5      | Noticed Menkaure
  5089 | D:5      | Killed Menkaure
  5143 | D:5      | Found a broken altar of Ashenzari.
  6115 | D:6      | Found a runed translucent door.
  6116 | D:6      | Noticed Crazy Yiuf
  6123 | D:6      | Killed Crazy Yiuf
  6128 | D:6      | Identified the +4 hammer "Beetlebane" {vamp, rF+ rC- rN+
                  | Int+2 Dex+4}
  7326 | D:7      | Reached * piety under Makhleb
  8514 | D:9      | Found a staircase to the Lair.
  8611 | D:9      | Found a runed translucent gate.
  8611 | D:9      | Found a runed translucent gate.
  8612 | D:9      | Found a runed translucent gate.
  8612 | D:9      | Noticed Iamsock's ghost (journeyman GnWn)
  9085 | D:9      | Found a viscous altar of Jiyva.
  9119 | D:10     | Entered Level 10 of the Dungeon
  9306 | D:10     | Reached skill level 1 in Shields
  9570 | D:10     | Reached ** piety under Makhleb
  9924 | D:10     | Reached XP level 12. HP: 60/94 MP: 0/0
 10625 | D:9      | Killed Iamsock's ghost
 10907 | Lair:1   | Entered Level 1 of the Lair of Beasts
 11158 | Lair:1   | Reached skill level 5 in Armour
 11264 | Lair:1   | Noticed a four-headed hydra
 11265 | Lair:1   | Noticed a death yak
 11265 | Lair:1   | Noticed a death yak
 11266 | Lair:1   | Noticed a death yak
 11273 | Lair:1   | Noticed a death yak
 11274 | Lair:1   | Killed a four-headed hydra
 11275 | Lair:1   | Noticed a death yak
 11279 | Lair:1   | Killed a death yak
 11280 | Lair:1   | Killed a death yak
 11280 | Lair:1   | Killed a death yak
 11284 | Lair:1   | Killed a death yak
 11288 | Lair:1   | Killed a death yak
 11373 | Lair:1   | Noticed a boulder beetle
 11388 | Lair:1   | Killed a boulder beetle
 11568 | Lair:1   | Reached XP level 13. HP: 99/99 MP: 0/0
 11568 | Lair:1   | Learned a level 5 spell: Iskenderun's Battlesphere
 12086 | Lair:2   | Reached skill level 5 in Shields
 12103 | Lair:2   | Reached *** piety under Makhleb
 12276 | Lair:2   | Noticed Gastronok
 12285 | Lair:2   | Reached skill level 1 in Invocations
 12293 | Lair:2   | Killed Gastronok
 12294 | Lair:2   | Reached skill level 5 in Dodging
 13482 | Lair:3   | Reached **** piety under Makhleb
 13490 | Lair:3   | Noticed an eight-headed hydra
 13499 | Lair:3   | Killed an eight-headed hydra
 13636 | Lair:3   | Found a staircase to the Shoals.
 13937 | Lair:3   | Found a staircase to the Snake Pit.
 14094 | Lair:3   | Found an iron altar of Okawaru.
 14247 | Lair:4   | Found a staircase to the Slime Pits.
 14247 | Lair:4   | Found a viscous altar of Jiyva.
 14267 | Lair:4   | Reached skill level 10 in Long Blades
 14526 | Lair:4   | Reached XP level 14. HP: 103/107 MP: 0/0
 14567 | Lair:4   | Reached skill level 5 in Invocations
 14697 | Lair:4   | Noticed Sonja
 14713 | Lair:4   | Killed Sonja
 15276 | Lair:4   | Reached ***** piety under Makhleb
 16321 | Lair:5   | Entered Level 5 of the Lair of Beasts
 17600 | Lair:5   | Reached XP level 15. HP: 82/113 MP: 0/0
 17600 | Lair:5   | Learned a level 6 spell: Eringya's Noxious Bog
 17759 | Lair:5   | Identified the +2 pair of boots of Ziytro Zekoj {Harm rC+
                  | Str-4}
 20268 | D:11     | Reached ****** piety under Makhleb
 21617 | D:12     | Found a staircase to the Orcish Mines.
 22386 | D:13     | Noticed Frances
 22402 | D:13     | Killed Frances
 22743 | D:13     | Found a gate to the Vaults.
 23118 | D:13     | Reached XP level 16. HP: 106/121 MP: 0/0
 23360 | D:13     | Noticed Nessos
 23392 | D:13     | Killed Nessos
 23573 | D:13     | Found a runed translucent gate.
 23574 | D:13     | Found a runed translucent gate.
 23575 | D:13     | Found a runed translucent gate.
 23576 | D:13     | Noticed quakins's ghost (journeyman MiBe)
 23814 | D:13     | Killed quakins's ghost
 23826 | D:13     | Identified the +12 fire dragon scales "Posch" {*Slow rF++
                  | rC- Int+3 Slay+3}
 24453 | D:14     | Found a sparkling altar of Nemelex Xobeh.
 25683 | D:14     | Noticed Lodul
 25692 | D:14     | Killed Lodul
 25975 | D:15     | Entered Level 15 of the Dungeon
 26393 | D:14     | Reached skill level 10 in Invocations
 26516 | D:15     | Noticed a fire giant
 27181 | D:15     | Found a staircase to the Depths.
 27219 | D:15     | Killed a fire giant
 27793 | Orc:1    | Entered Level 1 of the Orcish Mines
 28074 | Orc:2    | Entered Level 2 of the Orcish Mines
 28137 | Orc:2    | Noticed Erolcha
 28255 | Orc:2    | Killed Erolcha
 28994 | Orc:2    | Found a staircase to the Elven Halls.
 29110 | Orc:2    | Reached XP level 17. HP: 74/128 MP: 0/0
 29110 | Orc:2    | Learned a level 6 spell: Conjure Ball Lightning
 29646 | Orc:2    | Found Puoh's Distillery.
 29655 | Orc:2    | Found Haqal's Antique Armour Boutique.
 29657 | Orc:2    | Found Efukanai's Magic Scroll Boutique.
 29660 | Orc:2    | Found Elomil's Antique Weapon Shop.
 29672 | Orc:2    | Bought a potion of haste for 140 gold pieces
 29672 | Orc:2    | Bought a potion of mutation for 112 gold pieces
 29672 | Orc:2    | Bought a potion of invisibility for 112 gold pieces
 29672 | Orc:2    | Bought a potion of resistance for 140 gold pieces
 29672 | Orc:2    | Bought a potion of might for 56 gold pieces
 29672 | Orc:2    | Bought a potion of heal wounds for 70 gold pieces
 29672 | Orc:2    | Bought 2 potions of degeneration for 28 gold pieces
 29682 | Orc:2    | Bought a scroll of blinking for 135 gold pieces
 29682 | Orc:2    | Bought a scroll of enchant weapon for 135 gold pieces
 29682 | Orc:2    | Bought a scroll of identify for 36 gold pieces
 29682 | Orc:2    | Bought 2 scrolls of identify for 72 gold pieces
 29682 | Orc:2    | Identified a scroll of acquirement
 29699 | Orc:2    | Acquired a manual of Long Blades
 30103 | Orc:1    | Found Nihadylo's Weapon Emporium.
 30548 | Snake:1  | Entered Level 1 of the Snake Pit
 31030 | Snake:1  | Reached skill level 10 in Armour
 31148 | Snake:1  | Found Ysick's Assorted Antiques.
 31164 | Snake:1  | Bought a scroll of identify for 72 gold pieces
 31164 | Snake:1  | Bought a fine ring mail for 324 gold pieces
 31164 | Snake:1  | Identified the +0 ring mail of the Playwright {Str+2} (You
                  | bought it in a shop on level 1 of the Snake Pit)
 31859 | Snake:2  | Noticed Aizul
 31879 | Snake:2  | Killed Aizul
 32593 | Snake:2  | Noticed Jorgrun
 32621 | Snake:2  | Killed Jorgrun
 33270 | Snake:3  | Found Yschanai's Antique Armour Emporium.
 33277 | Snake:3  | Bought a citrine-studded ring mail for 288 gold pieces
 33277 | Snake:3  | Identified the +4 ring mail of the Snail {rElec rN+} (You
                  | bought it in a shop on level 3 of the Snake Pit)
 33287 | Snake:3  | Bought a pair of embroidered gloves for 240 gold pieces
 33555 | Snake:3  | Found Boblurch's Book Shop.
 33556 | Snake:3  | Found Yfame Deph's Jewellery Emporium.
 33556 | Snake:3  | Found Togiocoz's Jewellery Emporium.
 33567 | Snake:3  | Bought an amulet of regeneration for 570 gold pieces
 33688 | Snake:4  | Entered Level 4 of the Snake Pit
 34331 | Snake:4  | Reached XP level 18. HP: 119/136 MP: 0/0
 35298 | Snake:4  | Got a serpentine rune of Zot
 35494 | Shoals:1 | Entered Level 1 of the Shoals
 35926 | Shoals:2 | Reached skill level 10 in Shields
 37029 | Elf:1    | Entered Level 1 of the Elven Halls
 37029 | Elf:1    | Found a magical portal.
 37042 | WizLab   | Entered Borgnjor's Mausoleum
 37279 | WizLab   | Noticed an ancient champion
 37287 | WizLab   | Mangled by a spectral demonspawn warmonger

Illustrated notes

Levels and vault maps discovered:
D:1:      onia_arrival_handbag, layout_loops_cross
D:2:      layout_basic
D:3:      layout_basic, ebering_ecumenical_altar_sacrificial, uniq_pargi,
          uniq_terence, uniq_sigmund
D:4:      layout_rooms, mainiacjoe_overflow_large_starburst, enter_ossuary_2,
          minmay_crossroads
D:5:      layout_cave_pods, mainiacjoe_overflow_24_doors, kennysheep_mini_moat,
          temple_doors_e, hangedman_abyss_or_decor_lesser_grid, uniq_menkaure
D:6:      layout_loops_ring, uniq_crazy_yiuf_cottage
D:7:      layout_loops_ring, kennysheep_small_circle
D:8:      layout_rooms
D:9:      layout_roguey, lair_entry_dummy, gammafunk_ghost_ooze
D:10:     layout_stronghold, nicolae_wwwww, pond
D:11:     layout_rooms
D:12:     layout_roguey, orc_0_dummy, feat_on_display
D:13:     layout_rooms, david_vaults_2, gammafunk_ghost_spectres,
          water_boxes_lemuel, uniq_nessos, uniq_frances
D:14:     layout_stronghold, nemelex_xobeh_ov_fountains_minmay,
          serial_bayou_lake_a, uniq_lodul
D:15:     grunt_enter_depths_giant_problem, layout_cave_pools,
          minmay_misc_feat_columns, serial_column_ruins,
          column_ruins_hut_pillars, column_ruins_open_small,
          column_ruins_open_tiny, column_ruins_open_large, column_ruins_grid_3,
          amcnicky_mini_pool_medium
Temple:   mainiacjoe_temple_coin_purse
Lair:1:   layout_chaotic_city, nicolae_lair_grove_arrangements,
          nzn_sisyphean_effort
Lair:2:   layout_concentric_octagons, serial_bayou_shore_b, grunt_megastairs_5,
          uniq_gastronok
Lair:3:   layout_roguey, minmay_shoals_entry_centaurs,
          minmay_snake_entry_guardpost_small, basic_altar
Lair:4:   layout_layer_cave, slime_entry_1, serial_bayou_lagoon_b, uniq_sonja
Lair:5:   hangedman_lair_in_review, layout_regular_city,
          hangedman_lair_caniforms_friends, grunt_megastairs_3
Shoals:1: layout_shoals, nicolae_shoals_lost_giant_temple,
          nicolae_shoals_water_elemental_grotto
Shoals:2: layout_shoals, ebering_ghost_disaster_area
Snake:1:  layout_basic, serial_shops, nicolae_square_shop, nicolae_integral_box
Snake:2:  layout_cave_pods, uniq_jorgrun, uniq_aizul
Snake:3:  layout_rooms, serial_shops, shop, serial_bayou_shore_b,
          minmay_shop_grove
Snake:4:  minmay_snake_end_coiled, layout_misc_corridors
Orc:1:    layout_diamond_mine, serial_shops, shop
Orc:2:    st_orc_pillars, layout_caves, basic_altar, minmay_orc_temple_a,
          uniq_erolcha
Elf:1:    minmay_slanted_spiral_squares, layout_loops_ring,
          infiniplex_enter_wizlab_glasses, hangedman_elf_represent
WizLab:   wizlab_borgnjor

Skill      XL: |  1  2  3  4  5  6  7  8  9 10 11 12 13 14 15 16 17 18 |
---------------+-------------------------------------------------------+-----
Fighting       | 1 2 3 8 10 11 12 13 14 | 14.7
Spellcasting   | 4 5 9 10 11 12 13 14 | 14.2
Armour         | 1 2 3 4 5 6 7 9 10 11 | 11.7
Long Blades    | 6 8 9 10 11 12 13 | 13.5
Shields        | 2 4 5 7 9 10 | 10.0
Dodging        | 3 4 5 |  5.0
Invocations    | 4 7 9 10 11 12 | 12.5
Stealth        | |  1.5

Action                   |  1- 3 |  4- 6 |  7- 9 | 10-12 | 13-15 | 16-18 || total
-------------------------+-------+-------+-------+-------+-------+-------++-------
Melee: Short sword       |    14 |    22 |    61 |       |       |       ||    97
       Punch             |       |     1 |     2 |       |       |       ||     3
       Long sword        |       |       |       |    62 |   190 |   909 ||  1161
Throw: Dart              |       |       |       |     1 |     4 |     6 ||    11
 Cast: Freeze            |    39 |    15 |     7 |       |     2 |       ||    63
       Foxfire           |    12 |    46 |   105 |    31 |    86 |   124 ||   404
       Flame Wave        |       |       |       |    65 |   138 |    86 ||   289
       Frozen Ramparts   |       |       |       |    46 |    90 |   149 ||   285
       Ozocubu's Armour  |       |       |       |    14 |    51 |    92 ||   157
       Hailstorm         |       |       |       |     1 |     4 |     2 ||     7
       Iskenderun's Batt |       |       |       |       |    17 |    10 ||    27
       Eringya's Noxious |       |       |       |       |     5 |    10 ||    15
       Lesser Beckoning  |       |       |       |       |       |    77 ||    77
       Gell's Gravitas   |       |       |       |       |       |     1 ||     1
       Conjure Ball Ligh |       |       |       |       |       |     1 ||     1
Invok: Major Destruction |       |       |       |       |     5 |     7 ||    12
       Lesser Servant of |       |       |       |       |     2 |    11 ||    13
       Greater Servant o |       |       |       |       |       |     2 ||     2
Evoke: Wand              |       |       |       |       |     4 |     5 ||     9
  Use: Scroll            |       |       |     4 |     4 |    11 |    18 ||    37
       Potion            |       |       |     2 |     1 |     2 |     6 ||    11
 Stab: Sleeping          |       |     1 |     1 |     1 |       |       ||     3
       Petrified         |       |       |       |       |     2 |       ||     2
       Paralysed         |       |       |       |       |       |     5 ||     5
       Invisible         |       |       |       |       |       |     3 ||     3
       Distracted        |       |       |       |       |       |     6 ||     6
Armor: Robe              |     7 |     1 |       |       |       |       ||     8
       Leather armour    |       |     5 |       |    41 |   282 |   117 ||   445
       Troll leather arm |       |     7 |    32 |     6 |       |       ||    45
       Ring mail         |       |       |       |       |       |   242 ||   242
Dodge: Dodged            |    31 |    27 |    59 |    57 |   316 |   292 ||   782
Block: Buckler           |       |       |       |    13 |   149 |       ||   162
       Kite shield       |       |       |       |       |    18 |   672 ||   690
       Reflection        |       |       |       |       |     9 |    43 ||    52
